AoeStats
← Proplyir88

Arabia

507787381Analyzed
2v2 RM · 12d ago on Sep 19, 2026· 59m 24s· 4 players
Game mode
Random Map
Map size
Medium (4 player)
Population
200
Speed
Normal
Resources
Standard
Victory
Conquest
Starting age
Dark Age
Ending age
Imperial Age
RankedLock teamsTeams togetherTeam positionsShared explorationLock speedFull tech treeHidden civsTurbo modeCheats
Victory
Defeat
🇭🇺 Turks · Hungary
1000
+45
🇨🇳 Mongols · China
972
+15
🇦🇷 Italians · Argentina
969
-15
🇦🇷 Franks · Argentina
969
-15
DDDAW
10:11 Feudal Age
17:20 Castle Age
16:06 Double-Bit Axe
22:05 Wheelbarrow
24:10 Horse Collar
26:23 Hand Cart
32:19 Imperial Age
29:38 Loom
29:38 Town Watch
30:19 Forging
30:42 Ballistics
30:27 Stone Mining
30:50 Padded Archer Armor
31:14 Gold Mining
31:32 Heavy Plow
32:25 Leather Archer Armor
32:00 Fletching
32:45 Town Patrol
33:33 Gold Shaft Mining
33:40 Stone Shaft Mining
33:19 Bodkin Arrow
33:48 Bow Saw
35:01 Chemistry
34:42 Conscription
34:44 Bracer
35:42 Murder Holes
36:57 Husbandry
37:08 Bloodlines
37:45 Iron Casting
37:15 Scale Barding Armor
36:48 Elite Mangudai
37:47 Masonry
38:28 Elite Steppe Lancer
48:44 Hoardings
55:20 Blast Furnace
54:20 Scale Mail Armor
54:42 Chain Barding Armor
54:49 Siege Engineers
54:53 Squires
54:39 Arson
55:25 Drill
55:09 Nomads
55:59 Sappers
55:55 Heavy Camel Rider
55:55 Cavalier
55:55 Light Cavalry
56:34 Herbal Medicine
56:40 Devotion
57:26 Caravan
57:57 Coinage
57:13 Spies/Treason
58:18 Careening
58:21 Fortified Wall
58:02 Guard Tower
60:06 Shipwright
59:51 Siphons
59:59 Fervor
59:24 Hussar
Proplyir88
7:55 Loom
10:28 Feudal Age
13:53 Double-Bit Axe
19:32 Castle Age
17:47 Forging
22:35 Bloodlines
25:01 Wheelbarrow
32:27 Ballistics
32:51 Iron Casting
33:17 Hand Cart
33:40 Scale Barding Armor
34:42 Fletching
35:50 Husbandry
39:38 Imperial Age
41:30 Blast Furnace
40:26 Bodkin Arrow
42:29 Chain Barding Armor
45:51 Elite Janissary
46:40 Artillery
53:58 Plate Barding Armor
53:23 Bracer
53:25 Padded Archer Armor
57:55 Spies/Treason
TacitMarmot2360
10:51 Feudal Age
13:04 Horse Collar
13:45 Double-Bit Axe
16:16 Loom
20:15 Castle Age
18:38 Padded Archer Armor
18:29 Fletching
21:31 Leather Archer Armor
21:11 Bodkin Arrow
21:54 Gold Mining
21:55 Stone Mining
31:36 Imperial Age
33:17 Chemistry
32:49 Ring Archer Armor
32:20 Bracer
33:18 Ring Archer Armor
33:44 Bow Saw
35:08 Ballistics
36:33 Elite Skirmisher
37:34 Thumb Ring
39:35 Thumb Ring
39:53 Elite Genoese Crossbowman
Neat
6:57 Loom
9:30 Feudal Age
13:51 Double-Bit Axe
26:14 Castle Age
24:05 Town Watch
27:05 Scale Barding Armor
27:00 Padded Archer Armor
26:51 Fletching
27:02 Scale Mail Armor
27:12 Forging
26:37 Pikeman
31:03 Bow Saw
30:44 Gold Mining
30:44 Stone Mining
31:47 Squires
31:36 Gambesons
35:31 Imperial Age
33:09 Town Patrol
33:44 Wheelbarrow
33:43 Arson
37:23 Chemistry
36:32 Husbandry
35:53 Light Cavalry
37:16 Cavalier
41:30 Chain Barding Armor
41:26 Chain Mail Armor
41:46 Iron Casting
Connection lost

Rejoining the realm…

Still unreachable

The connection could not be restored.

Session expired

The server has moved on; the page needs a fresh start.